 Dungeon Crawl Stone Soup version 0.28-a0-726-g4a9143789a (webtiles) character file.

Game seed: 15839945101585326377

7 ytrimaz the Shield-Bearer (level 2, 24/24 HPs)
             Began as a Formicid Fighter on Oct 27, 2021.
             Quit the game on level 1 of the Dungeon.
             The game lasted 00:00:25 (300 turns).

ytrimaz the Shield-Bearer (Formicid Fighter)         Turns: 300, Time: 00:00:25

Health: 24/24      AC:  6    Str: 20    XL:     2   Next: 5%
Magic:  2/2        EV:  9    Int:  7    God:
Gold:   16         SH:  4    Dex: 10    Spells: 1/1 levels left

rFire   . . .      SeeInvis +   a - +0 war axe
rCold   . . .      Faith    .   c - +0 buckler
rNeg    . . .      Spirit   .   b - +0 scale mail
rPois   .          Reflect  .   (helmet unavailable)
rElec   .          Harm     .   (no cloak)
rCorr   .          Rampage  .   (no gloves)
Will    .....                   (no boots)
Stlth   ..........              (no amulet)
HPRegen 0.08/turn               (no ring)
MPRegen 0.08/turn               (no ring)

@: no status effects
A: permanent stasis, dig shafts and tunnels, antennae 3, four strong arms
a: Dig, Shaft Self


You were on level 1 of the Dungeon.
You visited 1 branch of the dungeon, and saw 1 of its levels.

You collected 16 gold pieces.

Inventory:

Hand Weapons
 a - a +0 war axe (weapon)
Armour
 b - a +0 scale mail (worn)
 c - a +0 buckler (worn)
Potions
 d - 2 potions of might


   Skills:
 + Level 3.5 Fighting
 + Level 2.0 Axes
 + Level 3.5 Armour
 - Level 3.6 Shields


You had one spell level left.
You didn't know any spells.
Your spell library was empty.

Dungeon Overview and Level Annotations

Branches:
Dungeon (1/15)

Altars:


Innate Abilities, Weirdness & Mutations

You cannot be hasted, slowed, berserked, paralysed or teleported.
You can dig through walls and to a lower floor.
You have a pair of large antennae on your head. (SInv)
Your four strong arms can wield two-handed weapons with a shield.


Message History

An endoplasm is nearby!
The endoplasm freezes you.
You are frozen.
You slash the endoplasm!
You kill the endoplasm!
You have reached level 2!
Found a robe.
You sense a monster nearby.
A bat comes into view.
You see here a +0 robe.
A bat is nearby!
A bat is nearby!
A bat is nearby!
The bat hits you. The bat barely misses you.
The bat hits you but does no damage.
You slash the bat!
You kill the bat!
You see here a bat corpse.
You see here a bat corpse.
You see here a +0 robe.
You see here a hobgoblin corpse.
You see here 18 stones.
A bat comes into view.
Found 20 gold pieces.
The bat moves out of view.
A bat is nearby!
A bat is nearby!
A bat is nearby!
A bat is nearby!
The bat hits you but does no damage.
You closely miss the bat. The bat closely misses you. x2
You miss the bat. The bat hits you but does no damage. x2
You barely miss the bat. The bat closely misses you. The bat barely misses you.
The bat hits you but does no damage.
You closely miss the bat. The bat hits you but does no damage. x2
The bat completely misses you.
You closely miss the bat. The bat barely misses you. x2
The bat closely misses you.
Are you sure you want to abandon this character and quit the game? (Confirm with "yes".)

#.#############.#
#.#≈≈≈ ≈≈≈≈≈≈≈#.#
#.#≈≈≈≈≈≈≈≈≈≈≈#.#
#.#≈ #≈≈≈≈#≈≈≈#.#
#.# ≈≈≈≈≈≈≈○≈○#.#
#.##≈≈≈≈≈≈≈≈≈##.#
#..###########...
##.....###....^..
#####...@..$..#
##.b#.###.#
#..#.# ##.#.#
#.#.# #...# #..$#
....#


You could see a bat.

Vanquished Creatures
  An endoplasm (D:1)
  A goblin (D:1)
  2 hobgoblins (D:1)
  A bat (D:1)
  A frilled lizard (D:1)
6 creatures vanquished.

Notes
Turn   | Place    | Note
-------+----------+-------------------------------------------
     0 | D:1      | ytrimaz the Formicid Fighter began the quest for the Orb.
     0 | D:1      | Reached XP level 1. HP: 18/18 MP: 1/1
   158 | D:1      | Reached XP level 2. HP: 23/24 MP: 2/2
   300 | D:1      | Quit the game

Illustrated notes

Levels and vault maps discovered:
D:1:      saegor_arrival_miasma, layout_basic, minmay_tetromino_i2

Action                   || total
-------------------------++-------
Melee: War axe           ||    15
Armor: Scale mail        ||     8
Dodge: Dodged            ||    12
Block: Buckler           ||     2

Table legend: (Time is in decaauts)
 A = Elapsed time spent in this place.
 B = Non-inter-level travel time spent in this place.
 C = Inter-level travel time spent in this place.
 D = Time resting spent in this place.
 E = Time spent auto-exploring this place.
 F = Levels seen in this place.
 G = Mean time per level.
                   A        B        C        D        E       F      G
               +--------+--------+--------+--------+--------+-----+--------+
         Total |    306 |    306 |      0 |      0 |    252 |   1 |  306.0 |
       Dungeon |    306 |    306 |      0 |      0 |    252 |   1 |  306.0 |
               +--------+--------+--------+--------+--------+-----+--------+

Top non-repeatable levels by time:
     D:1: 306 daAuts
